3AAA
WILMINGTON BAY HAWKS @ SYLVANIA MAPLE LEAVES
09/06/2019
 
TOP OF THE 1ST
Wilmington Bay Hawks batting - Pitching for Sylvania Maple Leaves : LHP Ron O'Slattery
Pitching: LHP Ron O'Slattery
Batting: SHB José Martínez 0-0: Foul Ball, location: 2F
0-1: Ball
1-1: Foul Ball, location: 2F
1-2: Ball
2-2: Fly out, F8 (Flyball, 8RM)
Batting: LHB Ray Schneider 0-0: Ball
1-0: Called Strike
1-1: Swinging Strike
1-2: Ball
2-2: Foul Ball, location: 2F
2-2: Foul Ball, location: 2F
2-2: Foul Ball, location: 2F
2-2: Foul Ball, location: 2F
2-2: Ball
3-2: Foul Ball, location: 2F
3-2: Foul Ball, location: 2F
3-2: Ground out U3 (Groundball, 3S)
Batting: RHB Jason Nicholson 0-0: Ball
1-0: Ball
2-0: Ball
3-0: Called Strike
3-1: Base on Balls
Batting: RHB Harry Simpson 0-0: Ball
1-0: Called Strike
1-1: Foul Ball, location: 2F
1-2: Strikes out swinging
Top of the 1st over - 0 run(s), 0 hit(s), 0 error(s), 1 left on base; Wilmington 0 - Sylvania 0
BOTTOM OF THE 1ST
Sylvania Maple Leaves batting - Pitching for Wilmington Bay Hawks : RHP Jim Unknown
Pitching: RHP Jim Unknown
Batting: RHB Kenny Norton 0-0: Ball
1-0: Called Strike
1-1: Fly out, F8 (Flyball, 8RS)
Batting: RHB Melvin Baldwin 0-0: Called Strike
0-1: Ball
1-1: Foul Ball, location: 2F
1-2: Foul Ball, location: 2F
1-2: Ball
2-2: Ball
3-2: Base on Balls
Batting: RHB Anthony Johnston 0-0: Foul Ball, location: 2F
0-1: Fly out, F8 (Flyball, 8LD)
Batting: RHB Bernardo Márquez 0-0: Ball
1-0: Called Strike
1-1: Ball
2-1: Ball
3-1: Swinging Strike
3-2: Ground out 4-3 (Groundball, 4)
Bottom of the 1st over - 0 run(s), 0 hit(s), 0 error(s), 1 left on base; Wilmington 0 - Sylvania 0
TOP OF THE 2ND
Wilmington Bay Hawks batting - Pitching for Sylvania Maple Leaves : LHP Ron O'Slattery
Batting: RHB António Prieto 0-0: Called Strike
0-1: Called Strike
0-2: Ball
1-2: Strikes out swinging
Batting: LHB Aubrey Reese 0-0: Ball
1-0: Foul Ball, location: 2F
1-1: Ball
2-1: Called Strike
2-2: Ball
3-2: Ground out 6-3 (Groundball, 6M)
Batting: RHB Lindsay Stewart 0-0: Ball
1-0: Called Strike
1-1: Ball
2-1: Called Strike
2-2: Fly out, F9 (Flyball, 9S)
Top of the 2nd over - 0 run(s), 0 hit(s), 0 error(s), 0 left on base; Wilmington 0 - Sylvania 0
BOTTOM OF THE 2ND
Sylvania Maple Leaves batting - Pitching for Wilmington Bay Hawks : RHP Jim Unknown
Batting: SHB Ken Osborne 0-0: Called Strike
0-1: Ball
1-1: SINGLE (Groundball, 34D)
Batting: RHB Ingo van Ham 0-0: Called Strike
0-1: Ball
1-1: Ball
2-1: Grounds into double play, 4-6-3 (Groundball, 4)
Batting: SHB Curt Bryant 0-0: Fly out, F7 (Flyball, 7M)
Bottom of the 2nd over - 0 run(s), 1 hit(s), 0 error(s), 0 left on base; Wilmington 0 - Sylvania 0
TOP OF THE 3RD
Wilmington Bay Hawks batting - Pitching for Sylvania Maple Leaves : LHP Ron O'Slattery
Batting: LHB Denny Young 0-0: Ball
1-0: Ball
2-0: Ball
3-0: Called Strike
3-1: Base on Balls
Batting: LHB Jim Unknown 0-0: Ball
1-0: Ball
2-0: Foul Ball, location: 2F
2-1: Swinging Strike
2-2: 2-RUN HOME RUN (Flyball, 9LD), Distance : 337 ft
Batting: SHB José Martínez 0-0: Called Strike
0-1: Foul Ball, location: 2F
0-2: Reached on error, E5 (Groundball, 56)
Batting: LHB Ray Schneider 0-0: Ball
1-0: Called Strike
1-1: Swinging Strike
1-2: Ball
2-2: Ball
3-2: Foul Ball, location: 2F
3-2: SINGLE (Line Drive, 89S)
José Martínez to second
José Martínez to third
Batting: RHB Jason Nicholson 0-0: Ball
1-0: Swinging Strike
1-1: Ball
2-1: Called Strike
2-2: Ball
3-2: Base on Balls
Ray Schneider to second
Batting: RHB Harry Simpson 0-0: Swinging Strike
0-1: Swinging Strike
0-2: Foul Ball, location: 2F
0-2: Ball
1-2: Ball
2-2: Foul Ball, location: 2F
2-2: Strikes out swinging
Batting: RHB António Prieto 0-0: Ball
1-0: Called Strike
1-1: Ball
2-1: Ball
3-1: Fielders Choice at 2nd, 6-4 (Groundball, 6M)
José Martínez scores
Ray Schneider to third
Batting: LHB Aubrey Reese 0-0: Ball
1-0: Foul Ball, location: 2F
1-1: Ball
2-1: Called Strike
2-2: Foul Ball, location: 2F
2-2: Foul Ball, location: 2F
2-2: Ball
3-2: Base on Balls
António Prieto to second
Batting: RHB Lindsay Stewart 0-0: Fly out, F6 (Line Drive, 6)
Top of the 3rd over - 3 run(s), 2 hit(s), 1 error(s), 3 left on base; Wilmington 3 - Sylvania 0
BOTTOM OF THE 3RD
Sylvania Maple Leaves batting - Pitching for Wilmington Bay Hawks : RHP Jim Unknown
Batting: RHB Dustin Walker 0-0: Ball
1-0: Bunt for hit - play at first, batter OUT! 3-4
Batting: RHB Fernando Díaz 0-0: Ball
1-0: Called Strike
1-1: Ball
2-1: Foul Ball, location: 2F
2-2: Ball
3-2: Ground out 4-3 (Groundball, 4)
Batting: RHB Kenny Norton 0-0: Swinging Strike
0-1: Ball
1-1: Ball
2-1: Ground out 4-3 (Groundball, 34)
Bottom of the 3rd over - 0 run(s), 0 hit(s), 0 error(s), 0 left on base; Wilmington 3 - Sylvania 0
TOP OF THE 4TH
Wilmington Bay Hawks batting - Pitching for Sylvania Maple Leaves : LHP Ron O'Slattery
Batting: LHB Denny Young 0-0: Called Strike
0-1: Foul Ball, location: 2F
0-2: SINGLE (Groundball, 56D)
Batting: LHB Jim Unknown 0-0: Foul Ball, location: 2F
0-1: Ground out 4-3 (Groundball, 4M)
Denny Young to second
Batting: SHB José Martínez 0-0: Ball
1-0: Ball
2-0: Ball
3-0: Called Strike
3-1: SINGLE (Line Drive, 8LS)
Denny Young to third
Runner from 3rd tries for Home, SAFE, throw made home
José Martínez to second
Batting: LHB Ray Schneider 0-0: SINGLE (Groundball, 3D)
José Martínez to third
Runner from 3rd tries for Home, SAFE, throw made home
Batting: RHB Jason Nicholson 0-0: Foul Ball, location: 2F
0-1: Foul Ball, location: 2F
0-2: Foul Ball, location: 2F
0-2: Ball
1-2: Ball
2-2: Strikes out swinging
Batting: RHB Harry Simpson 0-0: Ball
1-0: Swinging Strike
1-1: Foul Ball, location: 2F
1-2: Ground out U3 (Groundball, 3S)
Top of the 4th over - 2 run(s), 3 hit(s), 0 error(s), 1 left on base; Wilmington 5 - Sylvania 0
BOTTOM OF THE 4TH
Sylvania Maple Leaves batting - Pitching for Wilmington Bay Hawks : RHP Jim Unknown
Batting: RHB Melvin Baldwin 0-0: Fly out, F5 (Popup, 56S)
Batting: RHB Anthony Johnston 0-0: Foul Ball, location: 2F
0-1: Called Strike
0-2: Ball
1-2: Fly out, F8 (Flyball, 8RXD)
Batting: RHB Bernardo Márquez 0-0: Foul Ball, location: 2F
0-1: Called Strike
0-2: Ball
1-2: Strikes out swinging
Bottom of the 4th over - 0 run(s), 0 hit(s), 0 error(s), 0 left on base; Wilmington 5 - Sylvania 0
TOP OF THE 5TH
Wilmington Bay Hawks batting - Pitching for Sylvania Maple Leaves : LHP Ron O'Slattery
Batting: RHB António Prieto 0-0: Called Strike
0-1: SINGLE (Flyball, 78S)
Batting: LHB Aubrey Reese 0-0: Ball
1-0: Called Strike
1-1: Called Strike
1-2: Ball
2-2: Strikes out swinging
Pitching: RHP Paul Nance
Batting: RHB Lindsay Stewart 0-0: Swinging Strike
0-1: DOUBLE (Line Drive, 5D)
António Prieto to third
Batting: LHB Denny Young 0-0: Swinging Strike
0-1: Called Strike
0-2: Ball
1-2: Ground out 1-3 (Groundball, 13S)
Batting: LHB Jim Unknown 0-0: Ball
1-0: Ball
2-0: Called Strike
2-1: Foul Ball, location: 2F
2-2: Ball
3-2: SINGLE (Line Drive, 7LM)
António Prieto scores
Lindsay Stewart to third
Lindsay Stewart scores
Batting: SHB José Martínez 0-0: Called Strike
0-1: Ball
1-1: Foul Ball, location: 2F
1-2: Ball
2-2: Strikes out looking
Top of the 5th over - 2 run(s), 3 hit(s), 0 error(s), 1 left on base; Wilmington 7 - Sylvania 0
BOTTOM OF THE 5TH
Sylvania Maple Leaves batting - Pitching for Wilmington Bay Hawks : RHP Jim Unknown
Batting: SHB Ken Osborne 0-0: Ball
1-0: Ball
2-0: Swinging Strike
2-1: Foul Ball, location: 2F
2-2: Foul Ball, location: 2F
2-2: Ball
3-2: Ground out 1-3 (Groundball, 13S)
Batting: RHB Ingo van Ham 0-0: SOLO HOME RUN (Flyball, 89XD), Distance : 412 ft
Batting: SHB Curt Bryant 0-0: Ball
1-0: Ground out 4-3 (Groundball, 4)
Batting: RHB Dustin Walker 0-0: Ground out 1-6-3 (Groundball, 15S)
Bottom of the 5th over - 1 run(s), 1 hit(s), 0 error(s), 0 left on base; Wilmington 7 - Sylvania 1
TOP OF THE 6TH
Wilmington Bay Hawks batting - Pitching for Sylvania Maple Leaves : RHP Paul Nance
Batting: LHB Ray Schneider 0-0: Swinging Strike
0-1: Called Strike
0-2: Ball
1-2: Foul Ball, location: 2F
1-2: Ball
2-2: Ball
3-2: Fly out, F9 (Line Drive, 9M)
Batting: RHB Jason Nicholson 0-0: Ball
1-0: Ball
2-0: Foul Ball, location: 2F
2-1: Ball
3-1: Base on Balls
Batting: RHB Harry Simpson 0-0: Foul Ball, location: 2F
0-1: Ball
1-1: Ball
2-1: Foul Ball, location: 2F
2-2: Ground out 2-3 (Groundball, 23)
Jason Nicholson to second
Batting: RHB António Prieto 0-0: DOUBLE (Line Drive, 78M)
Jason Nicholson scores
Pitching: LHP Han Sawallisch
Batting: LHB Aubrey Reese 0-0: Ball
1-0: Ball
2-0: Called Strike
2-1: Ground out 5-3 (Groundball, 5)
Top of the 6th over - 1 run(s), 1 hit(s), 0 error(s), 1 left on base; Wilmington 8 - Sylvania 1
BOTTOM OF THE 6TH
Sylvania Maple Leaves batting - Pitching for Wilmington Bay Hawks : RHP Jim Unknown
Batting: RHB Fernando Díaz 0-0: Ball
1-0: Hit by Pitch
Batting: RHB Kenny Norton 0-0: Called Strike
0-1: Ball
1-1: Called Strike
1-2: Ball
2-2: Foul Ball, location: 2F
2-2: Fly out, F8 (Flyball, 8RM)
Batting: RHB Melvin Baldwin 0-0: 2-RUN HOME RUN (Flyball, 7D), Distance : 379 ft
Batting: RHB Anthony Johnston 0-0: Ground out 4-3 (Groundball, 4)
Batting: RHB Bernardo Márquez 0-0: Ball
1-0: Ground out 6-3 (Groundball, 6)
Bottom of the 6th over - 2 run(s), 1 hit(s), 0 error(s), 0 left on base; Wilmington 8 - Sylvania 3
TOP OF THE 7TH
Wilmington Bay Hawks batting - Pitching for Sylvania Maple Leaves : LHP Han Sawallisch
Batting: RHB Lindsay Stewart 0-0: Ball
1-0: Ball
2-0: Bunt for hit - play at first, batter safe!
Batting: LHB Denny Young 0-0: Called Strike
0-1: Swinging Strike
0-2: Ball
1-2: Strikes out swinging
Batting: LHB Jim Unknown 0-0: Ball
1-0: Ball
2-0: Foul Ball, location: 2F
2-1: Foul Ball, location: 2F
2-2: Strikes out swinging
Batting: SHB José Martínez 0-0: Called Strike
0-1: Fly out, F7 (Line Drive, 78D)
Top of the 7th over - 0 run(s), 1 hit(s), 0 error(s), 1 left on base; Wilmington 8 - Sylvania 3
BOTTOM OF THE 7TH
Sylvania Maple Leaves batting - Pitching for Wilmington Bay Hawks : RHP Jim Unknown
Batting: SHB Ken Osborne 0-0: Ball
1-0: Fly out, F9 (Line Drive, 89S)
Batting: RHB Ingo van Ham 0-0: Ball
1-0: Ball
2-0: Ball
3-0: Base on Balls
Batting: SHB Curt Bryant 0-0: Called Strike
0-1: Called Strike
0-2: Ground out 5-3 (Groundball, 56S)
Ingo van Ham to second
Batting: RHB Dustin Walker 0-0: Ball
1-0: Ball
Wild Pitch!
Ingo van Ham to third
2-0: Called Strike
2-1: SINGLE (Groundball, 6MD)
Ingo van Ham scores
Batting: RHB Fernando Díaz 0-0: Ball
1-0: Ball
2-0: Ground out 6-3 (Groundball, 6)
Bottom of the 7th over - 1 run(s), 1 hit(s), 0 error(s), 1 left on base; Wilmington 8 - Sylvania 4
TOP OF THE 8TH
Wilmington Bay Hawks batting - Pitching for Sylvania Maple Leaves : LHP Han Sawallisch
Batting: LHB Ray Schneider 0-0: Foul Ball, location: 2F
0-1: Foul Ball, location: 2F
0-2: Foul Ball, location: 2F
0-2: Strikes out looking
Batting: RHB Jason Nicholson 0-0: Called Strike
0-1: Ball
1-1: Fly out, F7 (Line Drive, 78S)
Batting: RHB Harry Simpson 0-0: Called Strike
0-1: Fly out, F9 (Flyball, 89M)
Top of the 8th over - 0 run(s), 0 hit(s), 0 error(s), 0 left on base; Wilmington 8 - Sylvania 4
BOTTOM OF THE 8TH
Sylvania Maple Leaves batting - Pitching for Wilmington Bay Hawks : RHP Jim Unknown
Batting: RHB Kenny Norton 0-0: Called Strike
0-1: Ball
1-1: Swinging Strike
1-2: Strikes out swinging
Batting: RHB Melvin Baldwin 0-0: Ball
1-0: Foul Ball, location: 2F
1-1: Foul Ball, location: 2F
1-2: Ball
2-2: Fly out, F6 (Popup, 56)
Batting: RHB Anthony Johnston 0-0: Foul Ball, location: 2F
0-1: Fly out, F7 (Flyball, 78M)
Bottom of the 8th over - 0 run(s), 0 hit(s), 0 error(s), 0 left on base; Wilmington 8 - Sylvania 4
TOP OF THE 9TH
Wilmington Bay Hawks batting - Pitching for Sylvania Maple Leaves : LHP Han Sawallisch
Pitching: RHP Jim Unknown
Batting: RHB António Prieto 0-0: Foul Ball, location: 2F
0-1: Ball
1-1: Ball
2-1: Ball
3-1: Swinging Strike
3-2: Fly out, F5 (Line Drive, 56S)
Pitching: RHP Rusty King
Batting: LHB Aubrey Reese 0-0: Ball
1-0: Ground out 1-3 (Groundball, 15)
Batting: RHB Lindsay Stewart 0-0: Ball
1-0: Foul Ball, location: 2F
1-1: Ball
2-1: Foul Ball, location: 2F
2-2: Strikes out swinging
Top of the 9th over - 0 run(s), 0 hit(s), 0 error(s), 0 left on base; Wilmington 8 - Sylvania 4
BOTTOM OF THE 9TH
Sylvania Maple Leaves batting - Pitching for Wilmington Bay Hawks : RHP Jim Unknown
Pitching: RHP Jim Unknown
Batting: RHB Bernardo Márquez 0-0: Ball
1-0: Called Strike
1-1: Ball
2-1: Fly out, F8 (Line Drive, 8LS)
Batting: SHB Ken Osborne 0-0: Ball
1-0: Ball
2-0: Ground out 4-3 (Groundball, 4M)
Batting: RHB Ingo van Ham 0-0: Called Strike
0-1: Ball
1-1: Ball
2-1: Reached on error, E5 (Groundball, 56S)
Batting: SHB Curt Bryant 0-0: Ball
1-0: Called Strike
1-1: Fly out, F8 (Flyball, 78M)
Bottom of the 9th over - 0 run(s), 0 hit(s), 1 error(s), 1 left on base; Wilmington 8 - Sylvania 4
This league is powered by Out of the Park Baseball, the baseball management simulation game for PC, Mac and Linux
Saturday, July 25th, 2015 - OOTP Baseball 15.6 Build 34